 Dungeon Crawl Stone Soup version 0.29-a0-1065-g47a6bb87d6 (webtiles) character file.

Game seed: 16664506727067409431

29 nickcage the Cudgeller (level 3, -1/29 HPs)
             Began as a Formicid Abyssal Knight on Aug 18, 2022.
             Was a Believer of Lugonu.
             Slain by a kobold
             ... wielding a +0 dagger
              (2 damage)
             ... on level 3 of the Dungeon.
             The game lasted 00:04:43 (1704 turns).

nickcage the Cudgeller (Formicid Abyssal Knight)    Turns: 1704, Time: 00:04:45

Health: -1/29      AC:  8    Str: 19    XL:     3   Next: 32%
Magic:  4/4        EV:  7    Int:  9    God:    Lugonu [**....]
Gold:   71         SH:  0    Dex: 14    Spells: 2/2 levels left

rFire   . . .      SeeInvis +   a - +1 mace
rCold   . . .      Faith    .   (no shield)
rNeg    . . .      Spirit   .   d - +0 chain mail
rPois   .          Reflect  .   (helmet unavailable)
rElec   .          Harm     .   (no cloak)
rCorr   .          Rampage  .   (no gloves)
Will    .....                   (no boots)
Stlth   ..........              (no amulet)
HPRegen 0.09/turn               (no ring)
MPRegen 0.09/turn               (no ring)

@: no status effects
A: permanent stasis, dig shafts and tunnels, antennae 3, four strong arms
a: Dig, Shaft Self, Renounce Religion, Depart the Abyss, Bend Space


You were on level 3 of the Dungeon.
You worshipped Lugonu.
Lugonu was pleased with you.
You visited 1 branch of the dungeon, and saw 3 of its levels.
You visited the Abyss 1 time.

You collected 91 gold pieces.
You spent 20 gold pieces at shops.

Inventory:

Hand Weapons
 a - a +1 mace (weapon)
Armour
 b - a +0 leather armour
 d - a +0 chain mail (worn)
Scrolls
 g - a scroll of teleportation {unknown}
 h - a scroll of fear {unknown}
 k - a scroll of immolation {unknown}
 l - a scroll of magic mapping {unknown}
 m - a scroll of fog {unknown}
Potions
 c - 2 potions of flight
 e - 2 potions of might {unknown}
 f - 3 potions of degeneration
 i - a potion of attraction {unknown}
 j - a potion of mutation {unknown}


   Skills:
 - Level 3.2 Fighting
 + Level 3.5 Maces & Flails
 - Level 2.1 Armour
 - Level 0.8 Dodging
 - Level 2.1 Invocations


You had 2 spell levels left.
You didn't know any spells.
Your spell library contained the following spells:

 Spells                   Type           Power      Damage    Failure   Level
 Gell's Gravitas          Tloc           0%         N/A       100%        3
 Teleport Other           Tloc           0%         N/A       100%        3
 Dispersal                Tloc           0%         N/A       100%        6


Dungeon Overview and Level Annotations

Branches:
Dungeon (3/15)

Altars:

Shops:
D:2 ?   D:3 !


Innate Abilities, Weirdness & Mutations

You cannot be hasted, slowed, berserked, paralysed or teleported.
You can dig through walls and to a lower floor.
You have a pair of large antennae on your head. (SInv)
Your four strong arms can wield two-handed weapons with a shield.


Message History

You closely miss the howler monkey. The howler monkey closely misses you.
The endoplasm hits you but does no damage.
You closely miss the howler monkey.
The howler monkey hits you but does no damage.
The endoplasm freezes you.
You are frozen.
The howler monkey barely misses you.
You barely miss the howler monkey. The endoplasm freezes you.
You are frozen.
The howler monkey hoots and howls with incredible vigour!
You hear a bark!
You sock the howler monkey!
The howler monkey is heavily wounded.
The howler monkey hits you but does no damage.
The endoplasm hits you but does no damage.
The kobold hits you but does no damage.
A ball python comes into view.
The howler monkey hoots and howls with incredible vigour!
The ball python hisses angrily.
You hear an angry hiss.
You hear a shout!
You closely miss the howler monkey.
The howler monkey is heavily wounded.
The endoplasm freezes you.
You are frozen.
The kobold barely misses you.
A giant cockroach comes into view.
The howler monkey hits you.
The endoplasm hits you but does no damage.
The kobold hits you with a +0 dagger.
You closely miss the kobold. The howler monkey hits you.
* * * LOW HITPOINT WARNING * * *
The endoplasm hits you but does no damage.
The kobold hits you but does no damage.
A rat comes into view.
You hit the endoplasm.
The endoplasm is severely wounded.
The howler monkey hits you.
* * * LOW HITPOINT WARNING * * *
The endoplasm hits you.
* * * LOW HITPOINT WARNING * * *
The kobold hits you with a +0 dagger.
You die...

.. ....# ... #.#
#..#######... #..
#..#...<.... ..
##..#........ #.
##.......†....
#.####.....∩.<.....
.
#.B......###.......
....##SK#######
###..### ......h@#
#..#
........J......
#..#
..............r
...#
#.............. ..#
#..>...........
#..............
#..............
##.............


You could see a howler monkey, an endoplasm, a giant cockroach, a ball python, a
kobold and a rat.

Vanquished Creatures
  An endoplasm (D:1)
  2 giant cockroaches
  4 goblins
  A hobgoblin (D:3)
  3 jackals (D:2)
  8 kobolds
  A ball python (D:1)
  A bat (D:1)
  3 frilled lizards
  A rat (D:2)
25 creatures vanquished.

Notes
Turn   | Place    | Note
-------+----------+-------------------------------------------
     0 | Abyss:1  | nickcage the Formicid Abyssal Knight began the quest for
                  | the Orb.
     0 | Abyss:1  | Reached XP level 1. HP: 18/18 MP: 2/2
     1 | D:1      | Escaped the Abyss
   204 | D:1      | Reached XP level 2. HP: 21/24 MP: 3/3
  1107 | D:2      | Reached XP level 3. HP: 28/29 MP: 4/4
  1130 | D:2      | Found Nyadgh's Magic Scroll Boutique.
  1136 | D:2      | Bought a scroll of identify for 20 gold pieces
  1673 | D:3      | Found Vap Tyd's Distillery.
  1704 | D:3      | HP: 1/29 [endoplasm (2)]
  1704 | D:3      | Slain by a kobold

Illustrated notes

Levels and vault maps discovered:
D:1:      mainiacjoe_arrival_reflecting_pool, layout_loops_cross
D:2:      layout_loops_ring, serial_shops, nicolae_shop_hallway_plus
D:3:      layout_rooms, mainiacjoe_overflow_alcove_4, serial_shops, shop,
          goddamned_bats

Skill      XL: |  1  2 |
---------------+-------+-----
Maces & Flails | 3 |  3.5
Fighting       | |  3.2
Armour         | |  2.1
Dodging        | |  0.8
Invocations    | |  2.1

Action                   || total
-------------------------++-------
Melee: Mace              ||    66
       Punch             ||     1
  Use: Scroll            ||     2
 Stab: Sleeping          ||     1
Armor: Chain mail        ||    47
       Leather armour    ||     2
Dodge: Dodged            ||    24

Table legend: (Time is in decaauts)
 A = Elapsed time spent in this place.
 B = Non-inter-level travel time spent in this place.
 C = Inter-level travel time spent in this place.
 D = Time resting spent in this place.
 E = Time spent auto-exploring this place.
 F = Levels seen in this place.
 G = Mean time per level.
                   A        B        C        D        E       F      G
               +--------+--------+--------+--------+--------+-----+--------+
         Total |   1719 |   1686 |     33 |      0 |   1484 |   4 |  429.8 |
       Dungeon |   1718 |   1685 |     33 |      0 |   1484 |   3 |  572.7 |
         Abyss |      1 |      1 |      0 |      0 |      0 |   1 |    1.0 |
               +--------+--------+--------+--------+--------+-----+--------+

Top non-repeatable levels by time:
     D:1: 927 daAuts
     D:2: 757 daAuts
     D:3: 34 daAuts
 Abyss:1: 1 daAuts
